 Dungeon Crawl Stone Soup version 0.30-a0-956-gcec3b41aec (webtiles) character file.

Game seed: 7876936187735623635

201 Dirtsage the Chopper (level 5, -4/41 HPs)
             Began as a Demonspawn Fighter on Mar 29, 2023.
             Slain by a gnoll
             ... wielding a +2 flail of holy wrath
             ... led by a gnoll sergeant
              (8 damage)
             ... on level 3 of the Dungeon.
             The game lasted 00:05:16 (2927 turns).

Dirtsage the Chopper (Demonspawn Fighter)           Turns: 2927, Time: 00:05:17

Health: -4/41      AC:  7    Str: 18    XL:     5   Next: 50%
Magic:  5/5        EV:  9    Int:  9    God:
Gold:   110        SH:  8    Dex: 13    Spells: 4/4 levels left

rFire   . . .      SeeInvis .    a - +0 war axe
rCold   . . .      Faith    .    c - +0 buckler
rNeg    . . .      Spirit   .    b - +0 scale mail
rPois   .          Reflect  .    s - +0 helmet
rElec   .          Rampage  .    (no cloak)
rCorr   .                        (no gloves)
Will    .....                    (no boots) Stlth
                                 (no amulet)
HPRegen 0.26/turn                (no ring)
MPRegen 0.18/turn                (no ring)

@: lethally poisoned (-4 -> -10)
A: hooves 1, large bone plates 1, magic regeneration
a: no special abilities


You were on level 3 of the Dungeon.
You visited 1 branch of the dungeon, and saw 4 of its levels.

You collected 110 gold pieces.

Inventory:

Hand Weapons
 a - a +0 war axe (weapon)
Armour
 b - a +0 scale mail (worn)
 c - a +0 buckler (worn)
 s - a +0 helmet (worn)
Magical Staves
 n - a staff of fire
Jewellery
 r - a ring of ice
Wands
 q - a wand of polymorph (14)
Scrolls
 g - 2 scrolls of torment {unknown}
 h - 2 scrolls of immolation {unknown}
 i - 2 scrolls of poison {unknown}
 j - 3 scrolls of identify {unknown}
 l - 3 scrolls of teleportation {unknown}
 m - a scroll of noise {unknown}
Potions
 d - a potion of ambrosia {unknown}
 e - a potion of degeneration {unknown}
 f - 2 potions of curing {unknown}
 k - 2 potions of resistance {unknown}
 o - a potion of attraction {unknown}
 p - 2 potions of brilliance


   Skills:
 - Level 3.0 Fighting
 + Level 5.3 Axes
 - Level 2.6 Armour
 - Level 2.6 Shields


You had 4 spell levels left.
You didn't know any spells.
Your spell library contained the following spells:

 Spells                   Type           Power      Damage    Failure   Level
 Apportation              Tloc           0%         N/A       86%         1
 Necrotise                Necr           0%         1d4       86%         1
 Summon Small Mammal      Summ           0%         N/A       86%         1
 Ignite Poison            Fire/Tmut/Pois 0%         N/A       99%         3
 Inner Flame              Hex/Fire       0%         N/A       99%         3
 Kindle Blastsparks       Fire/Tloc/Air  0%         2d10      99%         3
 Flame Wave               Conj/Fire      0%         2d4       100%        4
 Sticky Flame             Conj/Fire      0%         2d3       100%        4
 Freezing Cloud           Conj/Ice/Air   0%         6-21      100%        5
 Summon Forest            Summ/Tloc      0%         N/A       100%        5
 Summon Mana Viper        Hex/Summ       0%         N/A       100%        5
 Summon Cactus Giant      Summ           0%         N/A       100%        6


Dungeon Overview and Level Annotations

Branches:
Dungeon (4/15)
 Temple: D:4-7

Altars:
Trog


Innate Abilities, Weirdness & Mutations

You have large cloven feet.
You are partially covered in large bone plates. (SH +4)
You regenerate magic rapidly.


Message History

There are monsters nearby!
A scorpion comes into view.
A gnoll sergeant comes into view. It is wielding a +1 antimagic spear.
There is a stone staircase leading up here.
The gnoll hits you but does no damage.
You closely miss the gnoll. Your kick misses the gnoll.
You block the gnoll's attack. x2
Okay, then.
The scorpion barely misses you. The gnoll hits you but does no damage.
The gnoll barely misses you. The gnoll closely misses you.
The gnoll hits you with a +2 flail of holy wrath.
You convulse.
You climb upwards.
There is a stone staircase leading down here.
You take 9 damage, and have 32/41 hp.
MASSIVE DAMAGE!!
You completely miss the scorpion. Your kick misses the scorpion.
You hit the gnoll but do no damage. x2; The scorpion stings you.
The gnoll hits you with a +2 flail of holy wrath.
You convulse.
The gnoll hits you with a +0 whip.
The scorpion stings you but does no damage.
You take 14 damage, and have 18/41 hp.
MASSIVE DAMAGE!!
You hit the scorpion.
The scorpion is lightly wounded.
You barely miss the gnoll. x2
The gnoll hits you with a +2 flail of holy wrath.
You convulse.
* * * LOW HITPOINT WARNING * * *
You block the gnoll's attack. The scorpion stings you.
* * * LOW HITPOINT WARNING * * *
You are lethally poisoned!
The scorpion poisons you!
You take 11 damage, and have 7/41 hp.
MASSIVE DAMAGE!!
You hit the scorpion but do no damage.
The scorpion is lightly wounded.
You barely miss the gnoll. You hit the gnoll.
* * * LOW HITPOINT WARNING * * *
You feel very sick.
The scorpion stings you but does no damage.
The gnoll hits you with a +2 flail of holy wrath!
You die...

#..# #.# #..# #.### .#.# #.#
##..# #.#### #..# #.#
#...#####....#
.#.######.######...#.....##.###
...................#..#.......#
##..........>#####.#......#.#.##
#####........#####.#...........#
.###...#.#.#...gg#.#......#.#..#
)...##.......###@#.#...........#
.......#.#.#.# #s#.########รท#..#
.#####.......# #.#.....# #...##
..# #.#.#.#.# #.#####.# #.###
#.####.......###.#.#.#.# #)#
>..<..........##.#.#.#.####.#
.........................##.#
........#####.######.....##.#####
....<..## #......#.....##.##...


You could see a scorpion and 2 gnolls.

Vanquished Creatures
  Natasha (twice) (D:2)
  An orc wizard (D:3)
  4 adders
  2 worms
  A dart slug (D:1)
  8 orcs (D:3)
  5 ball pythons
  8 bats
  6 endoplasms
  A giant cockroach (D:3)
  4 goblins
  3 hobgoblins
  6 jackals (D:3)
  9 kobolds
  5 quokkas
  4 frilled lizards
  5 rats
74 creatures vanquished.

Notes
Turn   | Place    | Note
-------+----------+-------------------------------------------
     0 | D:1      | Dirtsage the Demonspawn Fighter began the quest for the
                  | Orb.
     0 | D:1      | Reached XP level 1. HP: 18/18 MP: 1/1
    59 | D:1      | Reached skill level 2 in Axes
   313 | D:1      | Gained mutation: You regenerate magic rapidly. [demonic
                  | ancestry]
   313 | D:1      | Reached XP level 2. HP: 24/24 MP: 2/2
   497 | D:1      | Reached skill level 3 in Axes
  1037 | D:2      | Gained mutation: You have large cloven feet. [demonic
                  | ancestry]
  1037 | D:2      | Reached XP level 3. HP: 29/29 MP: 3/3
  1178 | D:2      | Noticed Natasha
  1189 | D:2      | HP: 1/29 [Natasha (7)]
  1190 | D:2      | Killed Natasha
  1191 | D:2      | Reached skill level 4 in Axes
  1191 | D:2      | Reached XP level 4. HP: 2/35 MP: 4/4
  1686 | D:2      | Found a faded altar of an unknown god.
  1782 | D:2      | Noticed Natasha
  1790 | D:2      | Killed Natasha
  1910 | D:3      | Gained mutation: You are partially covered in large bone
                  | plates. (SH +4) [demonic ancestry]
  1910 | D:3      | Reached XP level 5. HP: 32/41 MP: 5/5
  1947 | D:3      | Found a bloodstained altar of Trog.
  2376 | D:3      | Reached skill level 5 in Axes
  2610 | D:3      | Identified the +1 robe of Sunlight {Rampage +Inv}
  2927 | D:3      | Slain by a gnoll

Illustrated notes

Levels and vault maps discovered:
D:1:      dpeg_arrival_erosion, layout_loops_corners, serial_park_tiny_2,
          minmay_tree_intersection
D:2:      layout_basic, nicolae_ecumenical_oubliette, uniq_natasha
D:3:      layout_loops_ring, trog_three_pillars_becter, serial_co_window_serial,
          co_window_corner_a, co_window_paths_b, co_window_paths_a,
          co_window_of_opportunity_a, co_window_corner_a, co_window_corner_a,
          co_window_paths_b, co_window_paths_a, co_window_paths_a,
          co_window_broadway_a, co_window_of_opportunity_b,
          co_window_broadway_b, glass_columns_b, glass_columns_a,
          glass_columns_a, glass_columns_b, glass_columns_b, minmay_mini_jars
D:4:      layout_cave_pods

Skill      XL: |  1  2  3  4  5 |
---------------+----------------+-----
Axes           | 2 3 4 5 |  5.3
Fighting       | |  3.0
Armour         | |  2.6
Shields        | |  2.6

Action                     |  1- 3 |  4- 6 || total
---------------------------+-------+-------++-------
  Melee: War axe           |   102 |   104 ||   206
         Kick              |     6 |    19 ||    25
    Use: Potion            |     2 |       ||     2
 Armour: Scale mail        |    62 |    46 ||   108
  Dodge: Dodged            |    50 |    38 ||    88
  Block: Buckler           |    29 |    41 ||    70

Table legend: (Time is in decaauts)
 A = Elapsed time spent in this place.
 B = Non-inter-level travel time spent in this place.
 C = Inter-level travel time spent in this place.
 D = Time resting spent in this place.
 E = Time spent auto-exploring this place.
 F = Levels seen in this place.
 G = Mean time per level.
                   A        B        C        D        E       F      G
               +--------+--------+--------+--------+--------+-----+--------+
         Total |   3019 |   2906 |    113 |    328 |   2104 |   4 |  754.8 |
       Dungeon |   3019 |   2906 |    113 |    328 |   2104 |   4 |  754.8 |
               +--------+--------+--------+--------+--------+-----+--------+

Top non-repeatable levels by time:
     D:3: 1064 daAuts
     D:1: 1011 daAuts
     D:2: 935 daAuts
     D:4: 8 daAuts
